 Dungeon Crawl Stone Soup version 0.19.1 (webtiles) character file.

2925 Mefis the Thaumaturge (level 9, 0/51 HPs)
             Began as a Deep Elf Wizard on Dec 19, 2016.
             Was an Initiate of Sif Muna.
             Slain by a hippogriff (7 damage)
             ... on level 8 of the Dungeon.
             The game lasted 00:20:44 (10891 turns).

Mefis the Thaumaturge (Deep Elf Wizard)            Turns: 10891, Time: 00:20:46

Health: 0/51       AC:  3    Str:  4    XL:     9   Next: 50%
Magic:  5/24       EV: 15    Int: 27    God:    Sif Muna [......]
Gold:   523        SH:  0    Dex: 13    Spells: 9 memorised, 7 levels left

rFire  + . .     SeeInvis .     X - +2 spear (freeze)
rCold  . . .     Gourm    .     f - +0 robe
rNeg   . . .     Faith    +     (no shield)
rPois  .         Spirit   .     l - +0 hat
rElec  .         Reflect  .     (no cloak)
rCorr  .         Harm     .     M - +0 pair of gloves
MR     .....                    (no boots)
Stlth  +++.......               B - amulet of faith
                                r - ring of protection from cold
                                G - ring of fire

@: repel missiles
A: no striking features
a: Renounce Religion


You were on level 8 of the Dungeon.
You worshipped Sif Muna.
Sif Muna was noncommittal.
You were not hungry.

You visited 2 branches of the dungeon, and saw 9 of its levels.
You also visited: Ossuary.

You collected 523 gold pieces.

Inventory:

Hand Weapons
 a - a +1 dagger of venom
 b - a +0 hunting sling
 O - a +0 dagger
 X - a +2 spear of freezing (weapon)
Missiles
 i - 38 sling bullets
 Q - 24 poisoned needles
Armour
 f - a +0 robe (worn)
 g - a +0 robe
 l - a +0 hat (worn)
 M - a +0 pair of gloves (worn)
Jewellery
 r - a ring of protection from cold (right hand)
 w - an uncursed ring of flight
 B - an amulet of faith (around neck)
 G - a ring of fire (left hand)
Wands
 H - a wand of slowing (27/48)
 N - a wand of slowing (28/48)
Scrolls
 d - a scroll of noise {unknown}
 h - 6 scrolls of remove curse
 k - 2 scrolls of blinking
 m - 4 scrolls of enchant weapon
 n - 6 scrolls of fear
 o - 4 scrolls of amnesia
 p - a scroll of immolation {unknown}
 u - 3 scrolls of teleportation
 y - a scroll of fog {unknown}
 C - a scroll of magic mapping {unknown}
 J - a scroll of enchant armour {unknown}
 K - a scroll of recharging {unknown}
 S - a scroll of brand weapon {unknown}
 T - a scroll of random uselessness {unknown}
 Y - a scroll of acquirement {unknown}
Potions
 e - a potion of haste {unknown}
 j - 4 potions of might
 q - 3 potions of lignification
 t - 2 potions of invisibility {unknown}
 x - 3 potions of flight
 z - 9 potions of curing
 A - a potion of heal wounds {unknown}
 D - 3 potions of cure mutation {unknown}
 E - a potion of degeneration {unknown}
 F - 2 potions of brilliance
 I - a potion of resistance {unknown}
 L - 2 potions of agility {unknown}
Books
 c - a book of Minor Magic

   Spells                             Type                      Level
   a - Magic Dart                     Conjuration                  1
   b - Blink                          Translocation                2
   c - Call Imp                       Summoning                    2
   d - Repel Missiles                 Charms/Air                   2
   e - Slow                           Hexes                        2
   f - Conjure Flame                  Conjuration/Fire             3
   g - Mephitic Cloud                 Conjuration/Poison/Air       3
 R - the Volume of Hurtful Transformation
   (You found it on level 7 of the Dungeon)

   Spells                             Type                      Level
   a - Petrify                        Transmutation/Earth          4
   b - Iron Shot                      Conjuration/Earth            6
   c - Orb of Destruction             Conjuration                  7
 V - a book of Cantrips

   Spells                             Type                      Level
   a - Confusing Touch                Hexes                        1
   b - Animate Skeleton               Necromancy                   1
   c - Summon Small Mammal            Summoning                    1
   d - Apportation                    Translocation                1
 Z - a book of Maledictions

   Spells                             Type                      Level
   a - Corona                         Hexes                        1
   b - Ensorcelled Hibernation        Hexes/Ice                    2
   c - Confuse                        Hexes                        3
   d - Tukima's Dance                 Hexes                        3
   e - Dazzling Spray                 Conjuration/Hexes            3
Comestibles
 s - 3 meat rations
 v - 8 fruits
 P - a beef jerky
 U - 2 chunks of flesh
 W - a bread ration


   Skills:
 + Level 3.3 Fighting
 + Level 6.4 Dodging
 + Level 6.1 Stealth
 * Level 9.7 Spellcasting
 + Level 4.9 Conjurations
 + Level 4.7 Hexes
 - Level 1.1 Summonings
 + Level 0.0 Necromancy
 - Level 1.1 Translocations
 + Level 1.2 Transmutations
 - Level 3.1 Air Magic
 * Level 1.5 Earth Magic
 - Level 4.2 Poison Magic


You had 7 spell levels left.
You knew the following spells:

 Your Spells              Type           Power        Failure   Level  Hunger
a - Magic Dart            Conj           ####         1%          1    None
b - Call Imp              Summ           ###.....     4%          2    None
c - Blink                 Tloc           N/A          4%          2    None
d - Repel Missiles        Chrm/Air       ###...       3%          2    None
e - Mephitic Cloud        Conj/Pois/Air  #####...     2%          3    None
f - Conjure Flame         Conj/Fire      #####...     6%          3    None
g - Slow                  Hex            #####...     1%          2    None
h - Petrify               Tmut/Erth      ###.....     28%         4    None
m - Animate Skeleton      Necr           N/A          6%          1    None


Dungeon Overview and Level Annotations

Branches:
Dungeon (8/15)             Temple (1/1) D:5
   Lair: D:8-11

Altars:
Ashenzari
Cheibriados
Dithmenos
Elyvilon
Fedhas
Gozag
Hepliaklqana
Kikubaaqudgha
Makhleb
Nemelex Xobeh
Okawaru
Qazlal
Ru
Sif Muna
Trog
Uskayaw
Vehumet
Xom
Yredelemnul
Zin
The Shining One


Message History

The ball explodes into a vile cloud!
The stinking cloud engulfs the hippogriff.
The hippogriff is severely wounded.
The hippogriff is engulfed in noxious fumes.
Casting: Mephitic Cloud
Confirm with . or Enter, or press ? or * to list all spells.
Aiming: Mephitic Cloud
Press: ? - help, Shift-Dir - straight line, f/p - hippogriff
Aim: a hippogriff (severely wounded)
The ball explodes into a vile cloud!
The stinking cloud engulfs the hippogriff.
The hippogriff is severely wounded.
The hippogriff is engulfed in noxious fumes.
You hit the hippogriff. You freeze the hippogriff.
The hippogriff is severely wounded.
The hippogriff is engulfed in noxious fumes.
The hippogriff bites you!
* * * LOW HITPOINT WARNING * * *
The hippogriff completely misses you. The hippogriff claws you!
You die...

.......##.####.###.......##.###.#
..........#........##.#..........
...##....##.#..###.##.#..##.###..
.†.+.....##................## #..
...####..##.#............### ##.
...# #..................##### #.
...# #.###.#................# #.
#### #.# #.#............###.# #.
#### ##.###.#...@.....#..# #.
...###.........§H.....#..# #.
#####.......#..§§§....#..# ..
###.........##.§§§.......#
............##.§.§.....#.#
###.........###.......##.#
.................###### .#
###...............#####
###.....##.###........#


You could see a hippogriff.

Vanquished Creatures
  Menkaure (D:7)
  A water moccasin (D:8)
  Duvessa (D:7)
  A sky beast (D:8)
  2 phantoms
  3 ogres
  A centaur (D:5)
  5 bullfrogs
  A gnoll sergeant (D:7)
  4 water moccasin zombies
  3 scorpions
  Dowan (D:7)
  2 crimson imps
  A jelly (D:7)
  4 bullfrog skeletons
  2 centaur skeletons
  3 hounds
  3 iguanas
  3 orc wizards
  5 worker ants (D:4)
  5 big kobold zombies (Ossuary)
  A hound skeleton (D:4)
  2 mummies (Ossuary)
  6 gnolls
  8 adders
  An ooze (D:4)
  6 adder zombies (Ossuary)
  3 adder skeletons
  7 worms
  2 dart slugs
  5 leopard geckos
  9 orcs
  2 ball pythons
  9 giant cockroaches
  A gnoll zombie (Ossuary)
  10 goblins
  6 hobgoblins
  5 jackals
  2 quokkas
  7 bats
  7 frilled lizards
  4 hobgoblin zombies (Ossuary)
  A jackal skeleton (D:4)
  11 kobolds
  4 kobold zombies (Ossuary)
  A leopard gecko skeleton (D:4)
  8 orc zombies (Ossuary)
  9 rats
189 creatures vanquished.

Vanquished Creatures (collateral kills)
  Prince Ribbit (D:5)
  An orc priest (D:4)
  An orc wizard (D:4)
  An iguana (D:4)
  Terence (D:3)
  An orc (D:4)
  A hobgoblin (D:1)
  A frilled lizard (D:1)
8 creatures vanquished.

Grand Total: 197 creatures vanquished

Notes
Turn   | Place    | Note
-------+----------+-------------------------------------------
     0 | D:1      | Mefis the Deep Elf Wizard began the quest for the Orb.
     0 | D:1      | Reached XP level 1. HP: 10/10 MP: 7/7
   234 | D:1      | Reached XP level 2. HP: 11/16 MP: 4/9
   238 | D:1      | Learned a level 2 spell: Call Imp
   241 | D:1      | Learned a level 2 spell: Blink
   244 | D:1      | Learned a level 2 spell: Repel Missiles
   665 | D:1      | Reached skill level 5 in Spellcasting
   852 | D:1      | Reached XP level 3. HP: 20/20 MP: 4/11
   857 | D:1      | Learned a level 3 spell: Mephitic Cloud
  1985 | D:2      | Reached XP level 4. HP: 20/24 MP: 2/13
  1990 | D:2      | Learned a level 3 spell: Conjure Flame
  2076 | D:2      | Reached skill level 1 in Fighting
  2532 | D:2      | Found a shadowy altar of Dithmenos.
  2533 | D:2      | Found a sparkling altar of Nemelex Xobeh.
  2660 | D:2      | Found a shattered altar of Ashenzari.
  2660 | D:2      | Found a shimmering altar of Xom.
  2661 | D:2      | Found a sacrificial altar of Ru.
  3627 | D:3      | Noticed Terence
  3649 | D:3      | Killed Terence
  3649 | D:3      | Reached skill level 1 in Air Magic
  3649 | D:3      | Reached XP level 5. HP: 29/29 MP: 2/15
  3653 | D:3      | Learned a level 2 spell: Slow
  4007 | D:3      | Reached skill level 6 in Spellcasting
  4215 | D:4      | Reached skill level 1 in Poison Magic
  4287 | D:4      | Noticed an ogre
  4312 | D:4      | Killed an ogre
  4312 | D:4      | Reached skill level 1 in Hexes
  4674 | D:4      | Reached XP level 6. HP: 26/34 MP: 6/17
  5598 | D:4      | Reached XP level 7. HP: 33/39 MP: 8/19
  5604 | D:4      | Reached skill level 7 in Spellcasting
  6458 | D:5      | Entered Level 5 of the Dungeon
  6559 | D:5      | Noticed Prince Ribbit
  6582 | D:5      | Killed Prince Ribbit
  6585 | D:5      | Found a sand-covered staircase.
  6663 | Ossuary  | Entered an ossuary
  6736 | Ossuary  | Reached XP level 8. HP: 35/44 MP: 14/21
  7274 | D:5      | Reached skill level 5 in Dodging
  7274 | D:5      | Reached skill level 5 in Stealth
  7410 | D:5      | Found a staircase to the Ecumenical Temple.
  7422 | D:5      | Reached skill level 8 in Spellcasting
  7501 | Temple   | Entered the Ecumenical Temple
  8701 | D:7      | Noticed Menkaure
  8709 | D:7      | Killed Menkaure
  9095 | D:7      | Reached XP level 9. HP: 45/50 MP: 0/23
  9249 | D:7      | Reached skill level 9 in Spellcasting
  9292 | D:7      | Noticed Dowan
  9294 | D:7      | Noticed Duvessa
  9306 | D:7      | Killed Dowan
  9323 | D:7      | Killed Duvessa
  9662 | D:7      | Identified the Volume of Hurtful Transformation
  9669 | D:7      | Learned a level 4 spell: Petrify
 10385 | D:8      | Reached skill level 1 in Transmutations
 10385 | D:8      | Reached skill level 1 in Earth Magic
 10559 | D:8      | Found an ancient bone altar of Kikubaaqudgha.
 10661 | D:8      | Found a blossoming altar of Fedhas.
 10663 | D:8      | Found a deep blue altar of Sif Muna.
 10681 | D:8      | Became a worshipper of Sif Muna the Loreminder
 10684 | D:8      | Learned a level 1 spell: Animate Skeleton
 10891 | D:8      | Slain by a hippogriff

Skill      XL: |  1  2  3  4  5  6  7  8  9 |
---------------+----------------------------+-----
Spellcasting   | 5 6 7 8 9 |  9.7
Stealth        | 3 4 5 6 |  6.1
Fighting       | 1 2 3 |  3.3
Dodging        | 3 4 5 6 |  6.4
Air Magic      | 1 2 3 |  3.1
Conjurations   | 2 3 4 |  4.9
Poison Magic   | 1 2 4 |  4.2
Hexes          | 1 2 3 4 |  4.7
Transmutations | 1 |  1.2
Earth Magic    | 1 |  1.5
Summonings     | |  1.1
Translocations | |  1.1

Action                   |  1- 3 |  4- 6 |  7- 9 || total
-------------------------+-------+-------+-------++-------
Melee: Dagger            |    11 |    15 |    54 ||    80
       Spear             |       |       |     1 ||     1
 Cast: Magic Dart        |   107 |   172 |   361 ||   640
       Repel Missiles    |     2 |       |       ||     2
       Call Imp          |     1 |    10 |     5 ||    16
       Mephitic Cloud    |       |     7 |    25 ||    32
       Conjure Flame     |       |     3 |    12 ||    15
       Slow              |       |       |     1 ||     1
       Blink             |       |       |     2 ||     2
       Animate Skeleton  |       |       |     1 ||     1
  Use: Scroll            |       |     5 |     6 ||    11
 Stab: Sleeping          |     4 |     3 |     1 ||     8
       Distracted        |       |     1 |       ||     1
       Confused          |       |     1 |     1 ||     2
  Eat: Chunk             |     3 |     9 |     8 ||    20
       Bread ration      |       |       |     2 ||     2
       Fruit             |       |       |     1 ||     1
Armor: Robe              |     6 |     3 |     8 ||    17
Dodge: Dodged            |    27 |    37 |    91 ||   155
       Deflected         |     1 |     3 |     1 ||     5
